 Dungeon Crawl Stone Soup: Circus Animals version 1.7-37-g2c94cca (webtiles) character file.

5996 DarthKuruptios the Fighter (level 15, -1/209 HPs) *EASY*
             Began as a Minotaur Berserker on Aug 15, 2016.
             Was a High Priest of Trog.
             Slain by an orc warlord
             ... wielding a +2 battleaxe of venom
              (27 damage)
             ... on level 3 of the Orcish Mines.
             The game lasted 01:36:13 (27028 turns).

DarthKuruptios the Fighter (Minotaur Berserker)    Turns: 27028, Time: 01:36:14

Health: -1/209     AC:  6    Str: 26    XL:     15   Next: 41%
Magic:  75/75      EV:  7    Int:  5    God:    Trog [*****.]
Gold:   1146       SH:  0    Dex: 12    Spells: 0 memorised, 14 levels left

rFire  . . .     rPois    .     r - +10 halberd of Quxko {feather, MR+ SInv Stlth+}
rCold  + . .     rElec    .     g - +2 plate armour
rNeg   . . .     rCorr    .     (shield currently unavailable) MagicSh . . . SeeInvis +
                                (helmet restricted) StaminaSh . . . Faith .
                                e - +1 cloak RegenHP ++++++....
SustAt .                        f - +0 pair of gloves RegenSP +++....... Dismiss .
                                p - +2 pair of boots of Disaster {Str+3} RegenMP +++....... Reflect .
                                (no amulet)
MR     ++++.     Harm     .     b - +3 ring of protection
Stlth  ..........               d - ring of protection from cold

@: lethally poisoned (-1 -> -1), exhausted, weakened, corroded, quick,
regenerating, quick, incredibly resistant to hostile enchantments, extremely
unstealthy
A: retaliatory headbutt, horns 2, rough black scales 2, blink
a: Blink, Berserk, Trog's Hand, Brothers in Arms, Burn Spellbooks, Renounce
Religion


You were on level 3 of the Orcish Mines.
You worshipped Trog.
Trog was extremely pleased with you.
You were not hungry.

You visited 4 branches of the dungeon, and saw 18 of its levels.
You also visited: Ossuary and Ice Cave.

You collected 2190 gold pieces.
You spent 1044 gold pieces at shops.

Inventory:

Hand Weapons
 i - a +1 antimagic broad axe
 n - a +2 war axe of electrocution
 r - the +10 halberd of Quxko (weapon) {feather, MR+ SInv Stlth+}
   (You found it on level 7 of the Lair of Beasts)

   It is lighter than normal, reducing stamina cost when using it.
   It affects your resistance to hostile enchantments.
   It lets you see invisible.
   It makes you more stealthy.
 u - the +3 war axe of the Living Dead {freeze, rPois rN++ SInv Stlth-}
   (You bought it in a shop on level 7 of the Lair of Beasts)

   It has been specially enchanted to freeze those struck by it, causing extra
   injury to most foes and up to half again as much damage against particularly
   susceptible opponents.
   It can also slow down cold-blooded creatures.
   It protects you from poison.
   It greatly protects you from negative energy.
   It lets you see invisible.
   It makes you less stealthy.
Armour
 a - a +0 large shield
 e - a +1 cloak (worn)
 f - a +0 pair of gloves (worn)
 g - a +2 plate armour (worn)
 p - the +2 pair of boots of Disaster (worn) {Str+3}
   (You bought it in a shop on level 4 of the Dungeon)

   It affects your strength (+3).
 v - the +6 chain mail of Ziffetui {rC+ Dex+3, unknown}
   (You took it off an orc on level 3 of the Orcish Mines)

   It affects your dexterity (+3).
   It protects you from cold.
Jewellery
 b - a +3 ring of protection (right hand)
 c - an uncursed ring of positive energy
 d - a ring of protection from cold (left hand)
 h - a +5 ring of intelligence
 m - an uncursed ring of poison resistance
 o - an uncursed ring of resist corrosion
 q - an uncursed ring of flight
Wands
 j - a wand of digging (16/24)
 k - a wand of slowing (21/48)
 l - a wand of disintegration (26/48)
 s - a wand of iceblast (11/30)
 t - a wand of polymorph (6/24)
Scrolls
 f - 5 scrolls of enchant weapon
 h - 2 scrolls of fear
 o - 12 scrolls of teleportation
 p - 6 scrolls of identify
 q - 4 scrolls of remove curse
 s - 4 scrolls of fog
 v - a scroll of summoning
 w - 2 scrolls of blinking
 x - 4 scrolls of magic mapping
 y - 5 scrolls of recharging
 z - 6 scrolls of enchant armour
Potions
 a - 11 potions of heal wounds
 b - 21 potions of stamina
 c - 8 potions of magic
 d - 4 potions of haste
 e - 7 potions of flight
 g - 3 potions of berserk rage
 i - 4 potions of ambrosia
 j - 23 potions of curing
 k - 4 potions of agility
 l - 3 potions of cure mutation
 m - 3 potions of cancellation
 n - 10 potions of brilliance
 r - 5 potions of might
 t - 2 potions of invisibility
 u - 8 potions of lignification
 A - 2 potions of resistance


   Skills:
 + Level 10.6 Fighting
 - Level 9.7 Axes
 * Level 4.7 Polearms
 + Level 9.7 Armour
 + Level 8.9 Dodging
 + Level 7.9 Shields


You had 14 spell levels left.
You didn't know any spells.

Dungeon Overview and Level Annotations

Branches:
Dungeon (7/7)               Dwarf (0/4) Orc:3          Lair (7/7) D:7
    Orc (3/7) Lair:7       Shoals (1/4) Lair:4        Snake (0/4) Lair:2
  Swamp (0/4) Lair:2
    Elf: Orc:2-6     Spider: Orc:2-6

Altars:
Ashenzari
Cheibriados
Fedhas
Kikubaaqudgha
Makhleb
Okawaru

Shops:
D:4 [*!([}   Lair:7 (   Orc:1 !


Innate Abilities, Weirdness & Mutations

You reflexively headbutt those who attack you in melee.
You have a pair of horns on your head.
You are mostly covered in rough black scales. (AC +7, Dex -2)
You can translocate small distances at will.


Message History

* * * LOW HITPOINT WARNING * * *
You are poisoned.
Your two-headed ogre barely misses the orange demon.
Your two-headed ogre completely misses the orange demon.
The orange demon closely misses you. You furiously retaliate!
You headbutt the orange demon, but do no damage.
The orange demon hits you but does no damage.
The orc high priest misses you.
You hit the orc warlord but do no damage. (hp-2)
You feel sick. The sixfirhy hits you! (hp-7)
* * * LOW HITPOINT WARNING * * *; The sixfirhy shocks you. (hp-5)
* * * LOW HITPOINT WARNING * * *; The sixfirhy completely misses you.
The sixfirhy hits you but does no damage.
The sixfirhy completely misses you. You furiously retaliate!
You headbutt the sixfirhy, but do no damage.
Your two-headed ogre hits the orange demon with a giant club! (mon hp-14)
Your two-headed ogre hits the orange demon with a giant spiked club!! (mon hp-30)
The orange demon dies!
The sixfirhy completely misses you.
The orc warlord hits you with a battleaxe of venom!!
You were prevented from receiving too much damage! (29 -> 27)
You die...

$..... ≈≈≈≈##.#........
...$..#####≈.#.#........
..........#≈....#.....#.
....≈.....#≈.#.#..).##..
.....#≈)..#≈.#...).####.
.....≈#≈÷÷#......)).# ##
......≈#[[...#...#.##
.......O≈...........#
.......@##.$.......##
...>..4o4...........#
.......o.........#..#
.....................
...##...####.$##.##. ..#
##..# ##.# ## .. .... .#
....


You could see an orc warlord, an orc high priest, 2 sixfirhies and a friendly
two-headed ogre (berserk).

Vanquished Creatures
  Donald (Orc:3)
  8 hydras
  Snorg (Orc:1)
  4 catoblepae
  7 death yaks
  Urug (Lair:1)
  Nergalle (Lair:2)
  An oklob plant (Lair:5)
  8 griffons
  A necromancer (IceCv)
  2 orc knights
  An orc sorcerer (Orc:3)
  A deep elf mage (Orc:3)
  Pikel (Lair:7)
  28 elephants
  5 torpor snails (Lair:6)
  4 ice statues (IceCv)
  15 black mambas
  A komodo dragon (D:7)
  7 ice devils (IceCv)
  A merfolk (Shoals:1)
  16 spiny frogs
  10 rime drakes
  A boulder beetle (Lair:5)
  A queen bee (Lair:2)
  Psyche (Lair:5)
  5 polar bears (Lair:7)
  2 trolls (Orc:3)
  Grinder (D:6)
  A redback (Lair:7)
  55 blink frogs
  5 spriggans (Lair:7)
  21 yaks
  A hog (D:7)
  6 hippogriffs
  A human (D:7)
  5 basilisks (Lair:3)
  2 wyverns
  A phantom (D:4)
  2 nagas (Lair:2)
  2 black bears
  2 wargs (Orc:3)
  A steam dragon (D:7)
  16 water moccasins
  2 ice beasts
  2 sky beasts
  A slave (Lair:7)
  5 ogres
  An elf zombie (Ossuary)
  10 crocodiles
  12 porcupines
  12 orc warriors
  A big kobold (D:5)
  4 wasps (Lair:7)
  40 wolves
  2 boggarts (Lair:7)
  3 centaurs
  18 giant frogs
  2 draconian simulacra (IceCv)
  3 scorpions
  A human zombie (Ossuary)
  2 spriggan simulacra (IceCv)
  3 troll simulacra (IceCv)
  3 centaur zombies
  4 big kobold zombies (Ossuary)
  A giant frog skeleton (D:6)
  A giant frog zombie (D:6)
  23 killer bees (Lair:2)
  3 electric eels
  A lava snake (Orc:3)
  A centaur simulacrum (IceCv)
  2 dart slugs
  3 hounds
  A howler monkey (D:5)
  17 orc priests
  27 orc wizards
  4 wights (D:7)
  10 giant geckos
  10 gnolls
  6 iguanas
  A naga simulacrum (IceCv)
  An ogre simulacrum (IceCv)
  120 orcs
  36 sheep
  6 worker ants
  Ijyb (D:2)
  16 adders
  3 ball pythons
  2 crimson imps (D:6)
  9 giant cockroaches
  11 goblins
  13 hobgoblins
  7 jackals
  20 kobolds
  5 quokkas
  64 river rats
  2 shadow imps
  3 adder skeletons
  3 adder zombies
  9 bats
  A giant gecko skeleton (D:5)
  4 giant newts
  A goblin zombie (Ossuary)
  8 hobgoblin zombies (Ossuary)
  A hound skeleton (D:5)
  A hound zombie (D:5)
  A howler monkey skeleton (D:6)
  A jackal zombie (Ossuary)
  5 kobold zombies (Ossuary)
  2 mummies (Ossuary)
  An ooze (D:4)
  12 orc zombies (Ossuary)
  A quokka zombie (D:5)
  27 rats
  5 worms
  15 fungi
  17 plants
933 creatures vanquished.

Vanquished Creatures (collateral kills)
  A hydra (Lair:4)
  A deep elf archer (Orc:3)
  3 elephants (Lair:7)
  A komodo dragon (Lair:4)
  8 spriggans (Lair:7)
  A black bear (Lair:7)
  A wasp (Lair:7)
  5 wolves (Lair:7)
  A boggart (Lair:7)
  2 electric eels (Lair:2)
24 creatures vanquished.

Vanquished Creatures (others)
  An adder (D:7)
  5 fungi
  8 plants
14 creatures vanquished.

Grand Total: 971 creatures vanquished

Notes
Turn   | Place    | Note
-------+----------+-------------------------------------------
     0 | D:1      | DarthKuruptios the Minotaur Berserker began the quest for the Orb.
     0 | D:1      | Reached XP level 1. HP: 39/39 MP: 75/75
   125 | D:1      | Reached XP level 2. HP: 42/51 MP: 75/75
   133 | D:1      | Reached XP level 3. HP: 54/63 MP: 75/75
   136 | D:1      | Reached ** piety under Trog
   727 | D:1      | Reached XP level 4. HP: 76/76 MP: 75/75
   784 | D:2      | Noticed Ijyb
   794 | D:2      | Killed Ijyb
   808 | D:2      | Reached *** piety under Trog
  1148 | D:2      | Received a gift from Trog
  1183 | D:2      | Reached skill level 5 in Axes
  1194 | D:2      | Reached skill level 5 in Fighting
  1195 | D:2      | Reached **** piety under Trog
  1441 | D:3      | Reached XP level 5. HP: 88/88 MP: 75/75
  2419 | D:3      | Found an ancient bone altar of Kikubaaqudgha.
  2581 | D:3      | Reached ***** piety under Trog
  3018 | D:4      | Found Geusomal's General Store.
  3026 | D:4      | Bought a scroll of identify for 22 gold pieces
  3026 | D:4      | Bought a potion of curing for 33 gold pieces
  3047 | D:4      | Found an iron altar of Okawaru.
  3061 | D:4      | Found Bonwizxe's Armour Emporium.
  3072 | D:4      | Bought a +1 cloak for 138 gold pieces
  3184 | D:4      | Found Utoti Ulisch's Distillery.
  3395 | D:4      | Found Nexkuhiy's Gadget Shoppe.
  3444 | D:4      | Found a shattered altar of Ashenzari.
  3445 | D:4      | Received a gift from Trog
  3459 | D:4      | Reached XP level 6. HP: 98/100 MP: 75/75
  3505 | D:4      | Found Fiaral's Antique Armour Shoppe.
  3975 | D:4      | Found Qutiyf's Antique Weapon Shoppe.
  4378 | D:5      | Entered Level 5 of the Dungeon
  4538 | D:5      | Found a sand-covered staircase.
  4546 | Ossuary  | Entered an ossuary
  5085 | D:5      | Found a burning altar of Makhleb.
  5191 | D:5      | Received a gift from Trog
  5788 | D:6      | Reached XP level 7. HP: 69/112 MP: 75/75
  5854 | D:6      | Noticed Grinder
  5866 | D:6      | Killed Grinder
  5971 | D:6      | Found a blossoming altar of Fedhas.
  6622 | D:7      | Entered Level 7 of the Dungeon
  7144 | D:7      | Received a gift from Trog
  7764 | D:7      | Found a staircase to the Lair.
  7835 | D:7      | Reached skill level 6 in Fighting
  7835 | D:7      | Reached XP level 8. HP: 95/124 MP: 75/75
  8437 | Lair:1   | Entered Level 1 of the Lair of Beasts
  8660 | D:4      | Bought a pair of steaming boots for 256 gold pieces
  8665 | D:4      | Identified the +2 pair of boots of Disaster {Str+3} (You bought it in a shop on level 4 of the Dungeon)
  9678 | Lair:1   | Noticed Urug
  9688 | Lair:1   | Killed Urug
  9688 | Lair:1   | Reached XP level 9. HP: 136/136 MP: 75/75
 10172 | Lair:1   | Reached skill level 5 in Armour
 10455 | Lair:2   | Noticed Nergalle
 10507 | Lair:2   | Noticed a spectral orc warlord
 10528 | Lair:2   | Killed Nergalle
 10528 | Lair:2   | Received a gift from Trog
 10528 | Lair:2   | Reached skill level 5 in Dodging
 13509 | Lair:2   | Reached XP level 10. HP: 110/147 MP: 75/75
 13782 | Lair:2   | Found a staircase to the Snake Pit.
 13802 | Lair:2   | Reached skill level 7 in Fighting
 13899 | Lair:2   | Noticed a catoblepas
 13935 | Lair:2   | Killed a catoblepas
 13935 | Lair:2   | Reached skill level 1 in Shields
 14513 | Lair:2   | Found a staircase to the Swamp.
 15480 | Lair:3   | Reached XP level 11. HP: 147/159 MP: 75/75
 15794 | Lair:3   | Received a gift from Trog
 16181 | Lair:3   | Noticed a catoblepas
 16203 | Lair:3   | Killed a catoblepas
 16688 | Lair:3   | Gained mutation: You are partially covered in rough black scales. (AC +4, Dex -1) [potion of mutation]
 16688 | Lair:3   | Gained mutation: You are mostly covered in rough black scales. (AC +7, Dex -2) [potion of mutation]
 16688 | Lair:3   | Gained mutation: You can translocate small distances at will. [potion of mutation]
 16795 | Lair:4   | Reached skill level 8 in Fighting
 16907 | Lair:4   | Reached XP level 12. HP: 171/171 MP: 75/75
 17763 | Lair:4   | Found a staircase to the Shoals.
 18668 | Lair:5   | Noticed Psyche
 18674 | Lair:5   | Killed Psyche
 19812 | Lair:6   | Reached skill level 5 in Shields
 19866 | Lair:6   | Received a gift from Trog
 19916 | Lair:6   | Found a snail-covered altar of Cheibriados.
 19934 | Lair:6   | Reached XP level 13. HP: 111/183 MP: 25/75
 20118 | Lair:6   | Reached skill level 9 in Fighting
 20814 | Lair:6   | Reached ****** piety under Trog
 21067 | Lair:6   | HP: 12/183 [23-headed hydra (9)]
 21803 | Shoals:1 | Entered Level 1 of the Shoals
 21926 | Lair:7   | Entered Level 7 of the Lair of Beasts
 22045 | Lair:7   | Received a gift from Trog
 22153 | Lair:7   | Reached XP level 14. HP: 195/195 MP: 25/75
 22542 | Lair:7   | HP: 39/427 [26-headed hydra (5)]
 22650 | Lair:7   | Reached skill level 10 in Fighting
 22720 | Lair:7   | Got an encrusted halberd
 22721 | Lair:7   | Identified the +10 halberd of Quxko {feather, MR+ SInv Stlth+} (You found it on level 7 of the Lair of Beasts)
 22965 | Lair:7   | Reached skill level 1 in Polearms
 23390 | Lair:7   | Reached XP level 15. HP: 200/205 MP: 75/75
 23894 | Lair:7   | Found Budeoxt's Weapon Shop.
 23897 | Lair:7   | Found a staircase to the Orcish Mines.
 23909 | Lair:7   | Bought the +3 war axe of the Living Dead {freeze, rPois rN++ SInv Stlth-} for 595 gold pieces
 24382 | Lair:7   | Noticed Pikel
 24393 | Lair:7   | Killed Pikel
 24627 | Orc:1    | Entered Level 1 of the Orcish Mines
 24627 | Orc:1    | Found Macrirhiomu's Distillery.
 24687 | Orc:1    | Noticed Snorg
 24697 | Orc:1    | Killed Snorg
 25545 | Orc:2    | Received a gift from Trog
 25732 | Orc:3    | Found a staircase to the Dwarven Fortress.
 26176 | Orc:3    | Noticed Donald
 26179 | Orc:3    | Found a frozen archway.
 26228 | Orc:3    | Killed Donald
 26267 | IceCv    | Entered an ice cave
 26792 | IceCv    | Received a gift from Trog
 26841 | IceCv    | Got a jewelled great mace
 26842 | IceCv    | Identified the +4 great mace "Umoe" {freeze, +Inv rElec MP+25 Dex-3} (You found it in an ice cave)
 26964 | Orc:3    | Got an amethyst-studded chain mail
 26995 | Orc:3    | HP: 16/209 [sixfirhy[an orc high priest] (6)]
 27023 | Orc:3    | HP: 15/209 [orc high priest/glaive (8)]
 27028 | Orc:3    | Slain by an orc warlord

Skill      XL: |  1  2  3  4  5  6  7  8  9 10 11 12 13 14 15 |
---------------+----------------------------------------------+-----
Axes           | 5 6 7 8 9 |  9.7
Fighting       | 5 6 7 8 9 10 | 10.6
Armour         | 3 4 5 6 7 8 9 |  9.7
Dodging        | 3 4 5 6 7 8 |  8.9
Shields        | 2 3 5 6 7 |  7.9
Polearms       | 2 4 |  4.7

Action                   |  1- 3 |  4- 6 |  7- 9 | 10-12 | 13-15 || total
-------------------------+-------+-------+-------+-------+-------++-------
Melee: Hand axe          |    60 |   312 |       |       |       ||   372
       Headbutt          |     3 |   103 |    90 |   122 |   337 ||   655
       War axe           |       |   293 |   491 |   576 |       ||  1360
       Broad axe         |       |       |       |    31 |   704 ||   735
       Halberd           |       |       |       |       |   904 ||   904
Invok: Burn Spellbooks   |       |     1 |       |     4 |       ||     5
       Trog's Hand       |       |       |     5 |     3 |    10 ||    18
       Berserk           |       |       |     2 |       |     6 ||     8
       Brothers in Arms  |       |       |       |     2 |     8 ||    10
 Abil: Blink             |       |       |       |       |     1 ||     1
  Use: Scroll            |       |    22 |     6 |     3 |     1 ||    32
       Potion            |       |       |     2 |     1 |    11 ||    14
 Stab: Sleeping          |     1 |       |       |       |     1 ||     2
       Petrifying        |       |       |       |     1 |       ||     1
Armor: Animal skin       |     9 |     8 |       |       |       ||    17
       Scale mail        |       |    52 |       |       |       ||    52
       Plate armour      |       |   168 |   488 |   733 |  3426 ||  4815
Dodge: Dodged            |    55 |   282 |   285 |   350 |  1909 ||  2881
Block: Buckler           |       |    20 |    37 |       |       ||    57
       Large shield      |       |       |   276 |   772 |  1627 ||  2675
